 Dungeon Crawl Stone Soup version 0.28-a0-724-g66f9036eb4 (webtiles) character file.

Game seed: 5056237180566979632

1323 AarnesTheHuman the Shield-Bearer (level 8, 0/65 HPs)
             Began as a Formicid Fighter on Oct 27, 2021.
             Slain by an ice beast (8 damage)
             ... on level 5 of the Dungeon.
             The game lasted 00:08:34 (6114 turns).

AarnesTheHuman the Shield-Bearer (Formicid Fighter) Turns: 6114, Time: 00:08:35

Health: 0/65       AC:  0    Str: 23    XL:     8   Next: 90%
Magic:  0/8        EV: 10    Int:  8    God:
Gold:   234        SH:  5    Dex: 10    Spells: 7/7 levels left

rFire   + . .      SeeInvis +   a - +0 long sword (flame)
rCold   . . .      Faith    .   c - +0 buckler
rNeg    . . .      Spirit   +   p - +1 scale mail
rPois   .          Reflect  .   (helmet unavailable)
rElec   .          Harm     .   (no cloak)
rCorr   .          Rampage  .   (no gloves)
Will    .....                   (no boots)
Stlth   ..........              f - amulet of guardian spirit
HPRegen 0.20/turn               g - ring of protection from fire
MPRegen 0.11/turn               (no ring)

@: corroded
A: permanent stasis, dig shafts and tunnels, antennae 3, four strong arms
a: Dig, Shaft Self


You were on level 5 of the Dungeon.
You visited 1 branch of the dungeon, and saw 5 of its levels.

You collected 459 gold pieces.
You spent 225 gold pieces at shops.

Inventory:

Hand Weapons
 a - a +0 long sword of flaming (weapon)
 b - the +6 scimitar of Quneh {freeze, rElec Will+}
   (You bought it in a shop on level 2 of the Dungeon)

   It freezes those it strikes, dealing additional cold damage.
   It can also slow down cold-blooded creatures.
   rElec:     It insulates you from electricity.
   Will:      It increases your willpower.
Missiles
 e - 18 bolts
 j - 2 atropa-tipped darts
Armour
 c - a +0 buckler (worn)
 p - a +1 scale mail (worn)
Jewellery
 f - an amulet of guardian spirit (around neck)
 g - a ring of protection from fire (left hand)
 i - an amulet of faith
 k - a +4 ring of protection
 l - an amulet of reflection
Wands
 s - a wand of acid (9)
Scrolls
 h - 2 scrolls of identify
 m - a scroll of vulnerability {unknown}
 n - a scroll of teleportation {unknown}
Potions
 d - a potion of might
 o - 2 potions of curing {unknown}
 q - a potion of mutation {unknown}
 r - 2 potions of attraction
 t - a potion of resistance {unknown}


   Skills:
 + Level 6.4 Fighting
 + Level 5.3 Long Blades
 + Level 6.5 Armour
 + Level 7.1 Shields


You had 7 spell levels left.
You didn't know any spells.
Your spell library contained the following spells:

 Spells                   Type           Power      Damage    Failure   Level
 Animate Skeleton         Necr           0%         N/A       69%         1
 Apportation              Tloc           0%         N/A       69%         1
 Summon Small Mammal      Summ           0%         N/A       69%         1
 Static Discharge         Conj/Air       0%         N/A       83%         2
 Ignite Poison            Fire/Tmut/Pois 0%         N/A       96%         3
 Mephitic Cloud           Conj/Pois/Air  0%         N/A       96%         3
 Freezing Cloud           Conj/Ice/Air   0%         6-21      100%        5
 Lightning Bolt           Conj/Air       0%         1d11      100%        5
 Maxwell's Capacitive Co  Air            0%         ∞         100%        8


Dungeon Overview and Level Annotations

Branches:
Dungeon (5/15)
 Temple: D:4-7

Altars:
Fedhas
Nemelex Xobeh
Sif Muna
Uskayaw
Yredelemnul
Zin
The Shining One

Shops:
D:2 (!   D:4 :


Innate Abilities, Weirdness & Mutations

You cannot be hasted, slowed, berserked, paralysed or teleported.
You can dig through walls and to a lower floor.
You have a pair of large antennae on your head. (SInv)
Your four strong arms can wield two-handed weapons with a shield.


Message History

You hit the hound. You freeze the hound.
The hound is heavily wounded.
The hound bites you. x2
You completely miss the hound.
The hound is heavily wounded.
The hound closely misses you.
You hit the hound. You freeze the hound.
The hound is heavily wounded.
The hound bites you. The hound closely misses you.
You closely miss the hound.
The hound is heavily wounded.
The hound barely misses you. x2
You completely miss the hound.
The hound is heavily wounded.
The hound bites you.
* * * LOW HITPOINT WARNING * * *
You slash the hound! You freeze the hound.
You kill the hound!
The ice beast hits you.
* * * LOW HITPOINT WARNING * * *
The ice beast freezes you!
* * * LOW HITPOINT WARNING * * *
Okay, then.
Unknown command.
Okay, then.
Unknown command.
Unknown command.
The +6 scimitar of Quneh {freeze, rElec Will+} stops glowing.
Your +0 long sword of flaming bursts into flame!
a - a +0 long sword of flaming (weapon)
You hit the ice beast but do no damage. The ice beast barely misses you.
You barely miss the ice beast. The ice beast barely misses you.
You hit the ice beast.
You melt the ice beast.
The ice beast is lightly wounded.
The ice beast misses you.
You closely miss the ice beast.
The ice beast is lightly wounded.
The ice beast closely misses you. The ice beast hits you.
The ice beast freezes you!
You die...

### ###.# #...# ###
###.#.# ####..
##########...#.# ##.....
##.....lY@..###.# #......
........#######.## #......
.#......# #...###......
#......# #...#...#....
#......# ###...#.....##.
#....... #...>.......##.
.......l.....#.........###
........##..##...#.....# #
.#......###. #.....#..## #


You could see an ice beast and an iguana.

Vanquished Creatures
  A black bear (D:4)
  6 ogres
  A phantom (D:4)
  A scorpion (D:5)
  A howler monkey (D:5)
  A jelly (D:5)
  6 hounds
  A bullfrog skeleton (D:5)
  2 orc priests
  2 centaur skeletons (D:4)
  An iguana (D:4)
  A scorpion zombie (D:5)
  A killer bee zombie (D:5)
  A hound skeleton (D:4)
  3 adders
  An ufetubus (D:4)
  A worm (D:4)
  A dart slug (D:3)
  10 orcs
  A bat (D:1)
  9 endoplasms
  A giant cockroach (D:4)
  5 goblins
  4 hobgoblins
  4 jackals
  3 quokkas
  5 ball pythons
  A jackal skeleton (D:4)
  7 kobolds
  4 rats
86 creatures vanquished.

Vanquished Creatures (others)
  A water moccasin skeleton (D:4)
  A quokka (D:4)
2 creatures vanquished.

Grand Total: 88 creatures vanquished

Notes
Turn   | Place    | Note
-------+----------+-------------------------------------------
     0 | D:1      | AarnesTheHuman the Formicid Fighter began the quest for the
                  | Orb.
     0 | D:1      | Reached XP level 1. HP: 18/18 MP: 1/1
   595 | D:1      | Reached XP level 2. HP: 24/24 MP: 2/2
   925 | D:2      | Found Cadui's Antique Weapon Shoppe.
  1252 | D:2      | Reached XP level 3. HP: 29/29 MP: 3/3
  1337 | D:2      | Reached skill level 4 in Shields
  1355 | D:2      | Found Wibbede's Distillery.
  2118 | D:3      | Found a glowing silver altar of Zin.
  2121 | D:3      | Found a faded altar of an unknown god.
  2122 | D:3      | Noticed a floating eye
  2124 | D:3      | Noticed an eye of devastation
  2130 | D:3      | Noticed a floating eye
  2133 | D:3      | Noticed a golden eye
  2341 | D:3      | Reached XP level 4. HP: 34/37 MP: 4/4
  2726 | D:3      | Found a hide-covered altar of Uskayaw.
  3168 | D:4      | Noticed a two-headed ogre
  3208 | D:4      | Found Nairphur's Book Emporium.
  3216 | D:4      | Reached XP level 5. HP: 40/42 MP: 5/5
  3436 | D:4      | Noticed an ogre
  3439 | D:4      | Killed an ogre
  3477 | D:4      | Reached XP level 6. HP: 21/49 MP: 3/6
  3477 | D:4      | Noticed an ogre
  3754 | D:3      | Killed an ogre
  3755 | D:3      | Reached skill level 5 in Shields
  4015 | D:4      | Reached XP level 7. HP: 53/55 MP: 7/7
  4490 | D:4      | Reached skill level 5 in Armour
  4495 | D:4      | Reached skill level 5 in Fighting
  4885 | D:4      | Reached skill level 6 in Shields
  5053 | D:4      | Reached XP level 8. HP: 35/63 MP: 3/8
  5307 | D:4      | Found a blossoming altar of Fedhas.
  5464 | D:4      | Found a sparkling altar of Nemelex Xobeh.
  5604 | D:4      | Found a glowing golden altar of the Shining One.
  5614 | D:4      | Found a basalt altar of Yredelemnul.
  5636 | D:4      | Found a shimmering blue altar of Sif Muna.
  5725 | D:2      | Bought a translucent scimitar for 225 gold pieces
  5725 | D:2      | Identified the +6 scimitar of Quneh {freeze, rElec Will+}
                  | (You bought it in a shop on level 2 of the Dungeon)
  5795 | D:5      | Entered Level 5 of the Dungeon
  5822 | D:5      | Reached skill level 5 in Long Blades
  6098 | D:5      | Reached skill level 7 in Shields
  6114 | D:5      | Slain by an ice beast

Illustrated notes

Levels and vault maps discovered:
D:1:      lemuel_arrival_broad_hall, layout_loops_cross
D:2:      layout_loops_corners, serial_shops, shop, nicolae_square_shop
D:3:      layout_basic, mainiacjoe_overflow_paths, zin_academy,
          hellmonk_ecumenical_altar_watching_god
D:4:      minmay_polygon_palace, layout_loops_ring,
          grunt_temple_overflow_holy_war, kennysheep_mini,
          nemelex_spade_bored_becter, led_sif_pool, serial_shops,
          nicolae_shop_stone
D:5:      layout_rooms, serial_shops,
          nicolae_shop_temple_entry_statues_fountains

Skill      XL: |  1  2  3  4  5  6  7  8 |
---------------+-------------------------+-----
Shields        | 4 5 6 7 |  7.1
Armour         | 4 5 6 |  6.5
Fighting       | 4 5 6 |  6.4
Long Blades    | 3 4 5 |  5.3

Action                   |  1- 3 |  4- 6 |  7- 9 || total
-------------------------+-------+-------+-------++-------
Melee: Long sword        |    94 |    71 |    85 ||   250
       Scimitar          |       |       |    39 ||    39
 Abil: Dig               |     1 |       |       ||     1
Evoke: Wand              |       |     2 |       ||     2
  Use: Scroll            |       |     7 |       ||     7
Armor: Scale mail        |    45 |    46 |    51 ||   142
Dodge: Dodged            |    38 |    41 |    61 ||   140
Block: Buckler           |    16 |    15 |    29 ||    60

Table legend: (Time is in decaauts)
 A = Elapsed time spent in this place.
 B = Non-inter-level travel time spent in this place.
 C = Inter-level travel time spent in this place.
 D = Time resting spent in this place.
 E = Time spent auto-exploring this place.
 F = Levels seen in this place.
 G = Mean time per level.
                   A        B        C        D        E       F      G
               +--------+--------+--------+--------+--------+-----+--------+
         Total |   6188 |   5894 |    294 |   1652 |   3426 |   5 | 1237.6 |
       Dungeon |   6188 |   5894 |    294 |   1652 |   3426 |   5 | 1237.6 |
               +--------+--------+--------+--------+--------+-----+--------+

Top non-repeatable levels by time:
     D:3: 2464 daAuts
     D:4: 1557 daAuts
     D:2: 996 daAuts
     D:1: 847 daAuts
     D:5: 323 daAuts
